 Dungeon Crawl Stone Soup version 0.32-a0-468-g38b2580584 (webtiles) character file.

Game seed: 8121832006967543498

305 ezpacito the Trooper (level 6, 29/48 HPs)
             Began as a Demonspawn Chaos Knight on Feb 24, 2024.
             Was a Plaything of Xom.
             Quit the game on level 4 of the Dungeon.
             The game lasted 00:02:29 (3101 turns).

ezpacito the Trooper (Demonspawn Chaos Knight)      Turns: 3101, Time: 00:02:30

Health: 29/48      AC:  6    Str: 14    XL:     6   Next: 15%
Magic:  8/8        EV: 11    Int: 13    God:    Xom [...*..]
Gold:   195        SH:  0    Dex: 12    Spells: 7/7 levels left

rFire   . . .        a - +0 hand axe (chaos)
rCold   . . .        (no shield)
rNeg    . . .        b - +2 leather armour
rPois   .            (helmet restricted)
rElec   .            (no cloak)
rCorr   .            f - +0 pair of gloves
SInv    +            (no boots)
Will    .....        e - amulet of magic regeneration
Stlth   +            l - ring of flight
HPRegen 1.28/turn    i - ring of see invisible
MPRegen 0.51/turn

%: no passive effects
@: confused, flying
A: antennae 1, powered by death 1
a: Renounce Religion


You were on level 4 of the Dungeon.
You worshipped Xom.
You were a favourite toy of Xom.
You visited 1 branch of the dungeon, and saw 4 of its levels.

You collected 195 gold pieces.

Inventory:

Hand Weapons
 a - a +0 hand axe of chaos (weapon)
 j - a +0 war axe
Armour
 b - a +2 leather armour (worn)
 f - a +0 pair of gloves (worn)
 g - a +0 chain mail
Magical Staves
 p - a staff of fire
 q - a staff of air
Jewellery
 e - an amulet of magic regeneration (around neck)
 h - a ring of magical power
 i - a ring of see invisible (right hand)
 l - a ring of flight (left hand)
 r - a ring of poison resistance
Wands
 u - a wand of quicksilver (9)
Scrolls
 c - a scroll of butterflies
 m - 6 scrolls of identify {unknown}
 t - a scroll of blinking {unknown}
Potions
 k - a potion of ambrosia {unknown}
 n - 3 potions of mutation {unknown}
 o - a potion of enlightenment {unknown}
 s - a potion of curing {unknown}


   Skills:
 * Level 3.7 Fighting
 * Level 3.5(3.7) Axes
 + Level 1.3(2.6) Polearms
 * Level 2.5 Armour
 * Level 2.0 Dodging
 + Level 1.2 Stealth
 * Level 1.9 Unarmed Combat
 + Level 1.4 Spellcasting
 + Level 0.8 Evocations


You had 7 spell levels left.
You didn't know any spells.
Your spell library was empty.

Dungeon Overview and Level Annotations

Branches:
Dungeon (4/15)
 Temple: D:4-7

Altars:
Gozag
Xom

Shops:
D:3 *


Innate Abilities, Weirdness & Mutations

You have a pair of small antennae on your head.
You regenerate a little health from kills.


Message History

The ball python constricts you. The orc hits you with a +0 morningstar.
You slash the ball python!
You kill the ball python!
You closely miss the orc wizard. You hit the orc but do no damage.
The orc wizard hits you but does no damage.
The orc closely misses you.
You hit the orc wizard.
The orc wizard falls asleep!
The orc wizard shouts!
The orc wizard is lightly wounded.
You hit the orc. x2; The orc is poisoned.
The orc hits you with a +0 short sword.
The orc wizard hits you but does no damage.
The orc hits you with a +0 morningstar!
You hit the orc. You burn the orc.
You kill the orc!
You hit the orc but do no damage. You closely miss the orc wizard.
The orc wizard closely misses you. The orc misses you.
Unknown command.
Unknown command.
You hit the orc but do no damage.
The orc suddenly seems more resistant.
Xom thinks this is hilarious!
The orc is severely wounded.
You hit the orc wizard. You burn the orc wizard. You hit the hobgoblin.
The hobgoblin blinks!
The orc hits you but does no damage.
The orc wizard hits you but does no damage.
You hit the orc but do no damage.
The orc is severely wounded.
You closely miss the orc wizard. The orc wizard casts a spell at you.
You are confused.
The orc closely misses you.
Unknown command.
Unknown command.
You are too confused!
Unknown command.
You are too confused!
Unknown command.
You are too confused!
Unknown command.
Are you sure you want to abandon this character and quit the game? (Confirm with "yes".)

# ##.# ###o..####
##########.@)...g..
...........#o......
######.#..#....?..
#.#..#.#.####
#.#..#.#.# #.####.#
# ####.# .# #....#
.# #.#######<#


You could see an orc wizard, an orc (resistant, very poisoned) and a hobgoblin.

Vanquished Creatures
  A phantom (D:4)
  A bombardier beetle (D:3)
  A hound (D:3)
  An orc priest (D:3)
  An iguana (D:4)
  5 adders
  2 dart slugs (D:3)
  A ribbon worm (D:2)
  3 orcs
  2 endoplasms
  4 giant cockroaches
  3 goblins
  3 hobgoblins
  4 jackals (D:1)
  3 quokkas
  7 ball pythons
  4 bats
  A frilled lizard (D:3)
  5 kobolds
  8 rats
60 creatures vanquished.

Vanquished Creatures (others)
  A ball python zombie (D:2)
1 creature vanquished.

Grand Total: 61 creatures vanquished

Notes
Turn   | Place    | Note
-------+----------+-------------------------------------------
     0 | D:1      | ezpacito the Demonspawn Chaos Knight began the quest for
                  | the Orb.
     0 | D:1      | Reached XP level 1. HP: 18/18 MP: 1/1
    32 | D:1      | Reached skill level 1 in Dodging
   152 | D:1      | XOM: silly message
   283 | D:1      | Gained mutation: You regenerate a little health from kills.
                  | [demonic ancestry]
   283 | D:1      | Reached XP level 2. HP: 24/24 MP: 2/2
   611 | D:1      | XOM: divination: detect items
  1174 | D:2      | Reached XP level 3. HP: 15/29 MP: 4/4
  1445 | D:2      | Reached skill level 1 in Unarmed Combat
  2077 | D:3      | Reached XP level 4. HP: 35/35 MP: 5/5
  2089 | D:3      | Found Gozag's Platinum Reserve.
  2093 | D:3      | Found an opulent altar of Gozag.
  2100 | D:3      | Reached skill level 1 in Spellcasting
  2248 | D:3      | Reached skill level 1 in Polearms
  2248 | D:3      | Reached XP level 5. HP: 36/41 MP: 6/6
  2317 | D:3      | Reached skill level 1 in Stealth
  2527 | D:3      | XOM: noise
  2674 | D:3      | XOM: scenery: create altars
  2832 | D:3      | XOM: god gift: 25 gold pieces
  2940 | D:4      | Noticed a phantom
  2941 | D:4      | XOM: blink monster(s)
  2954 | D:4      | Killed a phantom
  2955 | D:4      | Gained mutation: You have a pair of small antennae on your
                  | head. [demonic ancestry]
  2955 | D:4      | Reached XP level 6. HP: 15/48 MP: 6/8
  3101 | D:4      | Quit the game

Illustrated notes

Levels and vault maps discovered:
D:1:      lemuel_arrival_room, layout_basic, minmay_misc_feat_nine_boxes
D:2:      layout_basic, kennysheep_generic_room_14
D:3:      layout_basic, nicolae_gozag_zags_fifth_avenue
D:4:      layout_basic, fiery_altar_vehumet, minmay_temple_entry_tees,
          cheibrodos_gnoll_hut

Skill      XL: |  1  2  3  4  5 |
---------------+----------------+-----
Dodging        | 1 2 |  2.0
Armour         | 2 |  2.5
Unarmed Combat | 1 |  1.9
Axes           | 3 |  3.5
Spellcasting   | 1 |  1.4
Polearms       | 1 |  1.3
Stealth        | 1 |  1.2
Fighting       | |  3.7
Evocations     | |  0.8

Action                     |  1- 3 |  4- 6 || total
---------------------------+-------+-------++-------
  Melee: Hand axe          |   116 |    67 ||   183
    Use: Potion            |       |     1 ||     1
   Stab: Paralysed         |     1 |       ||     1
         Sleeping          |     2 |       ||     2
         Confused          |     1 |       ||     1
 Armour: Leather armour    |    69 |    46 ||   115
  Dodge: Dodged            |    69 |    54 ||   123

Table legend: (Time is in decaauts)
 A = Elapsed time spent in this place.
 B = Non-inter-level travel time spent in this place.
 C = Inter-level travel time spent in this place.
 D = Time resting spent in this place.
 E = Time spent auto-exploring this place.
 F = Levels seen in this place.
 G = Mean time per level.
                   A        B        C        D        E       F      G
               +--------+--------+--------+--------+--------+-----+--------+
         Total |   3125 |   2998 |    127 |      0 |   2540 |   4 |  781.2 |
       Dungeon |   3125 |   2998 |    127 |      0 |   2540 |   4 |  781.2 |
               +--------+--------+--------+--------+--------+-----+--------+

Top non-repeatable levels by time:
     D:1: 1136 daAuts
     D:3: 1032 daAuts
     D:2: 782 daAuts
     D:4: 174 daAuts
